 Dungeon Crawl Stone Soup version bcrawl-1.19.1 (webtiles) character file.

Game seed: 10092416785168356240

203 Freyura the Cudgeler (level 5, 0/33 HPs)
             Began as a Skeleton Fighter on Nov 25, 2019.
             Slain by a frilled lizard (2 damage)
             ... on level 3 of the Dungeon.
             The game lasted 00:04:22 (1371 turns).

Freyura the Cudgeler (Skeleton Fighter)             Turns: 1371, Time: 00:04:22

Health: 0/33       AC:  9    Str: 22    XL:     5   Next: 51%
Magic:  0/5        EV:  9    Int:  7    God:
Gold:   114        SH:  9    Dex:  9    Spells: 4/4 levels left

rFire    . . .     SeeInvis .   a - +0 flail
rCold    + . .     Gourm    .   c - +0 shield
rNeg     + + +     Faith    .   b - +0 scale mail
rPois    ∞         Spirit   +   (no helmet)
rElec    .         Reflect  .   (no cloak)
rCorr    .         Harm     .   h - +1 pair of gloves
MR       .....                  (no boots)
Stlth    ..........             (no amulet)
HPRegen  0.11/turn              (no ring)
MPRegen  0.09/turn              (no ring)

@: no status effects
A: no food or potions, cold resistance 1, deterioration 1, negative energy
resistance 3, torment resistance, unbreathing, magic shield, sturdy frame 1,
spell healing
a: no special abilities


You were on level 3 of the Dungeon.
You were not hungry.

You visited 1 branch of the dungeon, and saw 3 of its levels.

You collected 114 gold pieces.

Inventory:

Hand Weapons
 a - a +0 flail (weapon)
Armour
 b - a +0 scale mail (worn)
 c - a +0 shield (worn)
 h - a +1 pair of gloves (worn)
Scrolls
 e - a scroll of identify
 f - 2 scrolls of fog
 g - a scroll of remove curse


   Skills:
 + Level 3.7 Fighting
 * Level 4.5 Maces & Flails
 + Level 4.1 Armour
 + Level 2.0 Dodging
 + Level 4.4 Shields


You had 4 spell levels left.
You didn't know any spells.
Your spell library was empty.

Dungeon Overview and Level Annotations

Branches:
Dungeon (3/12)

Altars:


Innate Abilities, Weirdness & Mutations

You do not eat or drink.
You are immune to poison.
Your flesh is cold resistant. (rC+)
Your body sometimes deteriorates upon taking damage.
You are immune to negative energy. (rN+++)
You are immune to unholy pain and torment.
You can survive without breathing.
When hurt, damage is shared between your health and your magic reserves.
Your movements are slightly less encumbered by armour. (ER -2)
Casting spells heals you.


Message History

* * * LOW HITPOINT WARNING * * *
The crimson imp blinks!
The worm bites you.
* * * LOW HITPOINT WARNING * * *
The centaur barely misses you.
You barely miss the centaur.
The centaur is moderately wounded.
You block the centaur's attack.
You thump the centaur!
The centaur is almost dead.
The centaur hits you but does no damage.
The centaur hits you.
* * * LOW HITPOINT WARNING * * *
The worm barely misses you. The frilled lizard barely misses you.
You hit the centaur.
You kill the centaur!
Your Armour skill increases to level 4!
Your Dodging skill increases to level 2!
You have reached level 5!
The frilled lizard bites you.
You die...

...........# ...........##
............ . ##
...........##.. #.
........... #.#### ###
...5...##### §§§§ . .. #.
#.wl......+ #§§#
.#.###.#.#.@#.#....#. §§§#
....##.#....>g.....'.
#§####...##.###.#...#...#.
#§§§............+.........
#§###.)...#.....#.........
######....#...............
#.........#.....#....###.)
#.###....##.....+..#.... .
#.###...###.....##.##....


You could see a worm, a crimson imp, a hobgoblin and a frilled lizard.

Vanquished Creatures
  A centaur (D:3)
  An orc priest (D:2)
  An orc wizard (D:2)
  An adder (D:3)
  3 worms (D:2)
  4 dart slugs
  A leopard gecko (D:2)
  An orc (D:2)
  5 bats
  A giant cockroach (D:1)
  8 hobgoblins
  3 jackals (D:2)
  A quokka (D:2)
  A ball python (D:2)
  3 frilled lizards
  3 goblins (D:1)
  2 kobolds (D:2)
  5 rats
45 creatures vanquished.

Notes
Turn   | Place    | Note
-------+----------+-------------------------------------------
     0 | D:1      | Freyura the Skeleton Fighter began the quest for the Orb.
     0 | D:1      | Reached XP level 1. HP: 14/14 MP: 1/1
   137 | D:1      | Reached XP level 2. HP: 19/19 MP: 2/2
   629 | D:2      | Reached skill level 1 in Dodging
   637 | D:2      | Reached XP level 3. HP: 18/23 MP: 1/3
   973 | D:2      | Reached XP level 4. HP: 15/28 MP: 1/4
  1354 | D:3      | Noticed a centaur
  1370 | D:3      | HP: 1/28 [centaur (2)]
  1371 | D:3      | Killed a centaur
  1371 | D:3      | Reached XP level 5. HP: 2/33 MP: 0/5
  1371 | D:3      | Slain by a frilled lizard

Skill      XL: |  1  2  3  4 |
---------------+-------------+-----
Maces & Flails | 3 4 |  4.5
Dodging        | 1 2 |  2.0
Shields        | 4 |  4.4
Armour         | 4 |  4.1
Fighting       | |  3.7

Action                   |  1- 3 |  4- 6 || total
-------------------------+-------+-------++-------
Melee: Flail             |   102 |    39 ||   141
  Use: Scroll            |       |     4 ||     4
Armor: Scale mail        |    36 |    15 ||    51
Dodge: Dodged            |    21 |    18 ||    39
Block: Shield            |    34 |    26 ||    60
